 Seeded DCSS version 0.31-a0-66-ge618eeaa78 (webtiles) character file.

Game seed: 6351066067085065685 (custom seed)

29206 Esekla the Covert (level 13, -14/96 HPs)
             Began as an Octopode Delver on May 22, 2023.
             Was an Initiate of Gozag.
             Demolished by a hornet (16 damage)
             ... while paralysed by a hornet
             ... on level 3 of the Lair of Beasts.
             The game lasted 01:59:38 (22730 turns).

Esekla the Covert (Octopode Delver)                Turns: 22730, Time: 01:59:39

Health: -14/96     AC:  5    Str:  9    XL:     13   Next: 43%
Magic:  25/32      EV:  2    Int: 18    God:    Gozag
Gold:   278        SH:  0    Dex: 13    Spells: 16/26 levels left

rFire   . . .        s - +8 arc blade {discharge, rElec}
rCold   . . .        x - +0 buckler
rNeg    + . .        (helmet restricted)
rPois   +            C - amulet of magic regeneration
rElec   +            A - ring of Greed {rElec rPois rN+ AC+4 Str-2}
rCorr   .            v - ring of magical power
SInv    +            c - ring of willpower
Will    +....        T - ring of the Mage {Wiz Archmagi}
Stlth   ++++++       U - ring of see invisible
HPRegen 0.36/turn    (no ring)
MPRegen 0.63/turn    (no ring)
                     (no ring)

%: wizardry (x1), archmagi
@: paralysed, wereblooded, gold aura, slowed, studying Fighting
A: almost no armour, amphibious, 8 rings, camouflage 1, gelatinous body 1,
(nimble swimmer 1), tentacles
a: Renounce Religion, Potion Petition, Call Merchant, Bribe Branch


You were on level 3 of the Lair of Beasts.
You worshipped Gozag.
Gozag was aware of your devotion.
You visited 4 branches of the dungeon, and saw 17 of its levels.
You also visited: Bailey.

You collected 4610 gold pieces.
You spent 3518 gold pieces at shops.
You paid 814 gold pieces to Gozag.

Inventory:

Hand Weapons
 a - a +5 scimitar
 r - a +4 trident of venom
 s - the +8 arc blade (weapon) {discharge, rElec}
   (You bought it in a shop on level 4 of the Dungeon)

   rElec:     It insulates you from electricity.
 L - a +5 long sword
 O - a +1 dagger of electrocution
 P - a +0 dagger of holy wrath
 S - a +5 scimitar
Missiles
 i - 10 boomerangs
 w - 52 poisoned darts (quivered)
 G - 7 throwing nets
 H - 5 curare-tipped darts
 M - 2 javelins
Armour
 x - a +0 buckler (worn)
Jewellery
 c - a ring of willpower (on tentacle)
 v - a ring of magical power (right tentacle)
 A - the ring of Greed (left tentacle) {rElec rPois rN+ AC+4 Str-2}
   (You bought it in a shop on level 2 of the Dungeon)

   [ring of protection]

   AC:        It affects your AC (+4).
   Str:       It affects your strength (-2).
   rElec:     It insulates you from electricity.
   rPois:     It protects you from poison.
   rN:        It protects you from negative energy.
 C - an amulet of magic regeneration (around mantle)
 D - a ring of ice
 N - an amulet of reflection
 T - the ring of the Mage (on tentacle) {Wiz Archmagi}
   (You bought it in a shop on level 2 of the Dungeon)

   [ring of wizardry]

   It improves your spell success rate.
   Archmagi:  It increases the power of your magical spells.
 U - a ring of see invisible (on tentacle)
Wands
 d - a wand of roots (19)
 f - a wand of digging (3)
 g - a wand of flame (18)
 F - a wand of mindburst (7)
Scrolls
 b - 3 scrolls of fog
 k - 3 scrolls of enchant weapon
 q - 2 scrolls of amnesia
 t - 3 scrolls of blinking
 y - 2 scrolls of magic mapping
 z - a scroll of enchant armour
 B - 2 scrolls of silence
 E - 2 scrolls of poison
 K - 3 scrolls of acquirement
 Q - 3 scrolls of teleportation
Potions
 e - 5 potions of haste
 h - 4 potions of brilliance
 j - 2 potions of might
 l - 3 potions of curing
 m - 2 potions of mutation
 u - 7 potions of attraction
 J - 2 potions of magic
 R - a potion of cancellation
 V - 3 potions of enlightenment
 W - a potion of heal wounds


   Skills:
 * Level 11.8 Fighting
 - Level 6.4(9.2) Short Blades
 + Level 10.2(11.0) Long Blades
 + Level 4.3 Throwing
 * Level 8.9 Dodging
 + Level 12.5 Stealth
 + Level 4.4 Shields
 * Level 7.2 Spellcasting
 * Level 2.8 Conjurations
 * Level 3.5 Necromancy
 * Level 2.9 Transmutations
 * Level 1.0 Ice Magic
 * Level 2.5 Air Magic
 + Level 3.1 Poison Magic
 + Level 1.0 Evocations


You had 16 spell levels left.
You knew the following spells:

 Your Spells              Type           Power      Damage    Failure   Level
c - Mephitic Cloud        Conj/Pois/Air  18%        N/A       10%         3
d - Vampiric Draining     Necr           28%        2d8       4%          3
v - Poisonous Vapours     Pois/Air       40%        N/A       4%          2
w - Wereblood             Tmut           25%        N/A       2%          2

Your spell library contained the following spells:

 Spells                   Type           Power      Damage    Failure   Level
 Sublimation of Blood     Necr           28%        N/A       2%          2
 Foxfire                  Conj/Fire      48%        2x1d6     4%          1
 Spider Form              Tmut/Pois      21%        N/A       8%          3
 Lesser Beckoning         Tloc           18%        N/A       10%         2
 Hailstorm                Conj/Ice       15%        3d5       12%         3
 Gell's Gravitas          Tloc           9%         N/A       19%         3
 Teleport Other           Tloc           9%         N/A       19%         3
 Cause Fear               Hex            4%         N/A       50%         4
 Manifold Assault         Tloc           9%         N/A       50%         4
 Freezing Cloud           Conj/Ice/Air   7%         6-21      71%         5
 Fireball                 Conj/Fire      6%         3d5       77%         5
 Summon Mana Viper        Hex/Summ       4%         N/A       91%         5
 Starburst                Conj/Fire      6%         6d4       99%         6
 Dispersal                Tloc           4%         N/A       100%        6
 Plasma Beam              Fire/Air       5%         2x1d17    100%        6
 Summon Hydra             Summ           4%         N/A       100%        7
 Disjunction              Tloc           4%         N/A       100%        8


Dungeon Overview and Level Annotations

Branches:
Dungeon (12/15)            Temple (1/1) D:6            Lair (3/5) D:11
 Shoals (0/4) Lair:2       Spider (0/4) Lair:3          Orc (1/2) D:10
 Bailey (visited)

Altars:
Cheibriados
Dithmenos
Fedhas
Gozag
Hepliaklqana
Nemelex Xobeh
Okawaru
Qazlal
Ru
Trog
Uskayaw
Vehumet
Wu Jian
Xom
Zin
The Shining One

Shops:
D:2 =   D:4 (   D:11 **

Portals:
Trove: D:12 (give horn of Geryon)

Annotations:
D:8 3 transporters
D:9 earth elemental, Harold
Lair:2 2 transporters


Innate Abilities, Weirdness & Mutations

You cannot wear most types of armour.
You are amphibious.
You can wear up to eight rings at the same time.
Your skin changes colour to match your surroundings (Stealth+).
Your rubbery body absorbs attacks. (AC +1, EV +1)
((You are camouflaged when in or above water. (Stealth+)))
You have tentacles for arms and can constrict up to eight enemies at once.


Message History

You feel life coursing into your body.
The spriggan hits you with a +0 short sword!
* * * LOW HITPOINT WARNING * * *
The hornet barely misses you.
Casting: Vampiric Draining (mildly dangerous; 4% risk of failure)
Confirm with . or Enter, or press ? or * to list all spells.
Aiming: Vampiric Draining (mildly dangerous; 4% risk of failure)
Press: ? - help, Shift-Dir - straight line, f/p - hornet
Aim: a hornet (moderately wounded)
You feel a surge of power!
You draw life force from the hornet.
You feel life coursing into your body.
The yak is no longer distracted by gold.
You block the water moccasin's attack. The hornet stings you!
* * * LOW HITPOINT WARNING * * *
You feel yourself slow down. The spriggan closely misses you.
The water moccasin bites you.
* * * LOW HITPOINT WARNING * * *
The hornet stings you.
* * * LOW HITPOINT WARNING * * *
Blink to where?
Press: ? - help, Dir - move target, p - hornet
Okay, then.
You feel much better.
The water moccasin bites you but does no damage.
The hornet stings you!
* * * LOW HITPOINT WARNING * * *
You suddenly lose the ability to move!
The spriggan hits you with a +0 short sword.
* * * LOW HITPOINT WARNING * * *
The yak gores you!
* * * LOW HITPOINT WARNING * * *
The hornet stings you!
* * * LOW HITPOINT WARNING * * *
You feel as though you will be slow longer.
The water moccasin bites you but does no damage.
The spriggan is distracted by your dazzling golden aura.
The spriggan shouts!
The hornet stings you!
You die...
Your body crumbles into a pile of gold.

.......................).........
.................................
#####......################......
######## ####... ♣♣♣♣ #### ♣♣...
# .♣♣♣♣♣♣♣..♣ .......yY.♣ ♣S@.♣
♣$i.♣♣♣♣ ♣♣.....♣♣ ♣....♣♣♣♣.♣♣
...♣♣♣♣ ♣♣.♣ ... ♣♣.♣ .♣ ♣♣..♣
♣.♣♣♣ ♣♣♣.♣♣


You could see a yak, a hornet, a water moccasin and a spriggan.

Vanquished Creatures
  3 two-headed ogres
  Lodul (D:11)
  Pikel (D:6)
  An ugly thing (D:12)
  3 orc knights
  Joseph (D:7)
  A merfolk siren (Lair:2)
  4 cyclopes
  2 black mambas
  A torpor snail (Lair:2)
  2 gargoyles (D:10)
  2 cane toads
  Psyche (D:11)
  2 rime drakes
  7 komodo dragons
  A kobold demonologist (D:9)
  2 merfolk (Lair:2)
  A polar bear (D:11)
  6 trolls
  A hornet (Lair:3)
  5 blink frogs (Lair:1)
  5 spriggans (Lair:3)
  4 centaur simulacra (D:11)
  A vampire (D:12)
  A culicivora (Lair:3)
  A wraith (D:12)
  2 basilisks
  15 yaks
  2 steam dragons
  5 wyverns
  Menkaure (D:7)
  6 ice beasts
  5 water moccasins
  A sky beast (D:6)
  12 orc warriors
  2 black bears
  11 ogres
  2 centaurs
  A boggart (Lair:3)
  12 wolves
  A phantom (D:7)
  Blork the orc (D:6)
  4 kobold brigands
  4 gnoll sergeants
  9 bullfrogs
  3 scorpions
  10 wights
  21 killer bees
  2 howler monkeys (D:10)
  An electric eel (D:11)
  2 quasits (D:8)
  2 gnoll boudas
  6 hounds
  A jelly (D:6)
  Crazy Yiuf (D:7)
  8 orc priests
  5 iguanas
  A sleepcap (D:5)
  7 hell rats (Lair:2)
  12 orc wizards
  9 adders
  30 gnolls
  3 shadow imps (D:8)
  9 white imps
  4 ufetubi
  A worm (D:4)
  3 dart slugs
  57 orcs
  6 ball pythons
  4 endoplasms
  9 goblins
  7 hobgoblins
  21 kobolds
  A quokka (D:1)
  4 bats
  4 frilled lizards
  A rat (D:2)
411 creatures vanquished.

Vanquished Creatures (others)
  An orc (D:8)
1 creature vanquished.

Grand Total: 412 creatures vanquished

Notes
Turn   | Place    | Note
-------+----------+-------------------------------------------
     0 | D:5      | Esekla the Octopode Delver began the quest for the Orb.
     0 | D:5      | Reached XP level 1. HP: 16/16 MP: 1/1
    61 | D:5      | Noticed a sleepcap
    71 | D:5      | Noticed an iguana
    83 | D:5      | Killed an iguana
    84 | D:5      | Reached skill level 7 in Stealth
    84 | D:5      | Reached XP level 2. HP: 4/21 MP: 2/2
    84 | D:5      | Reached XP level 3. HP: 5/26 MP: 3/3
   286 | D:6      | Noticed Blork the orc
   429 | D:6      | Reached skill level 1 in Spellcasting
   429 | D:6      | Reached XP level 4. HP: 26/31 MP: 5/5
   508 | D:6      | Killed Blork the orc
   509 | D:6      | Reached XP level 5. HP: 7/36 MP: 6/6
   624 | D:6      | Noticed an ice beast
   629 | D:6      | Noticed Pikel
   645 | D:6      | Found a staircase to the Ecumenical Temple.
   646 | D:6      | Noticed a sky beast
   685 | Temple   | Entered the Ecumenical Temple
   702 | Temple   | Became a worshipper of Gozag Ym Sagoz the Greedy
   721 | D:6      | Noticed a lemure
  1377 | D:3      | Identified the +5 rapier of the Hero {heavy, rN+ Dex+3}
  1393 | D:2      | Found Renulab's Jewellery Shop.
  1924 | D:2      | Noticed a black bear
  2027 | D:2      | Killed a black bear
  2028 | D:2      | Reached skill level 8 in Stealth
  2028 | D:2      | Reached XP level 6. HP: 22/43 MP: 8/8
  2127 | D:2      | Found a faded altar of an unknown god.
  2955 | D:3      | Found a stormy altar of Qazlal.
  2958 | D:3      | Found a hazy altar of Hepliaklqana.
  2958 | D:3      | Found a bloodstained altar of Trog.
  3119 | D:4      | Found Ponaysk's Antique Weapon Boutique.
  3222 | D:4      | Found an iron altar of Okawaru.
  3238 | D:4      | Found a radiant altar of Vehumet.
  3252 | D:4      | Found a glowing golden altar of the Shining One.
  3269 | D:4      | Found a glowing silver altar of Zin.
  3455 | D:4      | Reached XP level 7. HP: 39/48 MP: 10/10
  4158 | D:5      | Reached skill level 1 in Short Blades
  4499 | D:5      | Reached skill level 9 in Stealth
  4603 | D:2      | Bought the ring of Greed {rElec rPois rN+ AC+4 Str-2} for
                  | 758 gold pieces
  4805 | D:5      | Found a shadowy altar of Dithmenos.
  4889 | D:5      | Reached XP level 8. HP: 43/54 MP: 12/12
  5412 | D:6      | Killed Pikel
  5413 | D:6      | Reached skill level 5 in Fighting
  5413 | D:6      | Reached skill level 5 in Long Blades
  5413 | D:6      | Reached skill level 1 in Throwing
  5942 | D:6      | Reached XP level 9. HP: 61/61 MP: 14/14
  6015 | D:6      | Reached skill level 10 in Stealth
  6057 | D:6      | Found a blossoming altar of Fedhas.
  6324 | D:7      | Noticed Menkaure
  6331 | D:7      | Killed Menkaure
  6431 | D:7      | Found a runed translucent door.
  6432 | D:7      | Noticed Crazy Yiuf
  6468 | D:7      | Reached skill level 5 in Dodging
  7509 | D:7      | Noticed Joseph
  7532 | D:7      | Killed Joseph
  7728 | D:7      | Reached skill level 1 in Shields
  8080 | D:8      | Noticed a two-headed ogre
  8127 | D:7      | Killed a two-headed ogre
  8128 | D:7      | Reached skill level 5 in Short Blades
  8128 | D:7      | Reached skill level 11 in Stealth
  8128 | D:7      | Reached XP level 10. HP: 69/69 MP: 16/16
  9288 | D:8      | Found a hide-covered altar of Uskayaw.
  9588 | D:8      | Found a transporter.
  9588 | D:8      | Found a transporter.
  9591 | D:8      | Found a transporter.
  9629 | D:8      | Found a transporter.
 10111 | D:9      | Found a flagged portal.
 10156 | Bailey   | Entered a bailey
 10454 | Bailey   | Identified the +2 bardiche of Puhoisos {heavy, rElec
                  | Stlth+}
 10457 | Bailey   | Noticed an orc knight
 10457 | Bailey   | Noticed an orc knight
 10459 | Bailey   | Killed an orc knight
 10644 | Bailey   | Killed an orc knight
 10645 | Bailey   | Reached skill level 5 in Spellcasting
 10749 | D:9      | Noticed a two-headed ogre
 10906 | D:9      | Noticed a kobold demonologist
 11048 | D:9      | Reached skill level 12 in Stealth
 11257 | D:9      | Noticed Harold
 11296 | D:9      | Noticed a cyclops
 11467 | D:9      | Found a sparkling altar of Nemelex Xobeh.
 11638 | D:10     | Entered Level 10 of the Dungeon
 11705 | D:10     | Reached XP level 11. HP: 70/75 MP: 18/18
 12082 | D:9      | Noticed a cyclops
 12084 | D:9      | Killed a cyclops
 12126 | D:10     | Found a staircase to the Orcish Mines.
 12528 | D:10     | Found a sacrificial altar of Ru.
 13368 | D:11     | Noticed Lodul
 13385 | D:11     | Noticed a cyclops
 13386 | D:11     | Noticed a cyclops
 13952 | D:9      | Killed a cyclops
 14347 | D:9      | Killed a two-headed ogre
 14585 | Orc:1    | Entered Level 1 of the Orcish Mines
 14587 | Orc:1    | Noticed an orc knight
 15378 | D:4      | Bought the +8 arc blade {discharge, rElec} for 1740 gold
                  | pieces
 15378 | D:4      | Found the +8 arc blade {discharge, rElec}
 15383 | D:4      | Upgraded the game from 0.31-a0-45-g5f0c076935 to
                  | 0.31-a0-66-ge618eeaa78
 15744 | D:10     | HP: 3/121 [gargoyle/stone arrow (25)]
 15751 | D:10     | HP: 2/121 [gargoyle/stone arrow (18)]
 15769 | D:10     | Reached skill level 10 in Fighting
 16067 | D:11     | Killed a cyclops
 16068 | D:11     | Reached XP level 12. HP: 53/87 MP: 21/21
 16204 | D:11     | Reached skill level 1 in Evocations
 17168 | D:11     | Noticed Psyche
 17171 | D:11     | Noticed a two-headed ogre
 17466 | D:11     | Found a staircase to the Lair.
 17608 | D:11     | Reached skill level 10 in Long Blades
 17733 | D:11     | Found Fagafuf's Pet Rocks.
 17827 | D:11     | Killed Lodul
 17931 | D:11     | Killed a two-headed ogre
 18235 | D:11     | Learned a level 3 spell: Vampiric Draining
 18452 | D:2      | Bought the ring of the Mage {Wiz Archmagi} for 714 gold
                  | pieces
 18452 | D:2      | Found the ring of the Mage {Wiz Archmagi}
 18453 | D:2      | Bought a ring of see invisible for 210 gold pieces
 18670 | D:7      | Killed Crazy Yiuf
 18841 | D:11     | Killed Psyche
 18923 | D:12     | Found a portal to a secret trove of treasure.
 18943 | D:12     | Reached skill level 1 in Necromancy
 19033 | D:12     | Learned a level 2 spell: Poisonous Vapours
 19037 | D:12     | Learned a level 3 spell: Mephitic Cloud
 19271 | D:12     | Learned a level 2 spell: Wereblood
 19724 | Lair:1   | Entered Level 1 of the Lair of Beasts
 19733 | Lair:1   | Reached skill level 1 in Poison Magic
 19952 | Lair:1   | Reached skill level 1 in Air Magic
 20043 | Lair:1   | Reached skill level 1 in Conjurations
 20263 | Lair:1   | Reached skill level 1 in Transmutations
 20680 | Lair:1   | Reached XP level 13. HP: 93/95 MP: 23/23
 20868 | Lair:2   | Found a transporter.
 20868 | Lair:2   | Found a transporter.
 21520 | Lair:2   | Found a staircase to the Shoals.
 21932 | Lair:3   | Found a hole to the Spider Nest.
 22076 | Lair:3   | Identified the +3 leather armour of Okawaru's Inspiration
                  | {Str+4}
 22582 | D:11     | Bought a potion of might for 64 gold pieces
 22582 | D:11     | Bought a scroll of identify for 32 gold pieces
 22719 | Lair:3   | Reached skill level 1 in Ice Magic
 22729 | Lair:3   | Paralysed by a hornet for 2 turns
 22729 | Lair:3   | HP: 2/96 [hornet (13)]
 22730 | Lair:3   | Demolished by a hornet

Illustrated notes

Levels and vault maps discovered:
D:1:      sevenhm_arrival_forest_fort_small_3, layout_rooms,
          chequers_serial_rivers_room_b, minmay_misc_feat_five
D:2:      layout_loops_ring, dreamdust_ecumenical_altar_angels_and_demons,
          serial_shops, shop
D:3:      layout_basic, grunt_temple_overflow_open, minmay_misc_feat_iff
D:4:      layout_basic, nicolae_overflow_quartered_altars, serial_shops,
          nicolae_diamond_shop
D:5:      layout_loops_ring, lemuel_doored_altar, minmay_misc_feat_rows,
          dreamdust_wishing_well
D:6:      layout_loops_cross, fedhas_altar_fruit_tree,
          minmay_temple_entry_glass, uniq_pikel, uniq_blork_the_orc
D:7:      layout_basic, uniq_menkaure, uniq_joseph, uniq_crazy_yiuf_cottage
D:8:      layout_basic, nicolae_uskayaw_dance_hall, serial_demonic,
          serial_demonic_d, serial_demonic_a, serial_demonic_c,
          serial_demonic_c, nicolae_diode_quadrants
D:9:      layout_irregular_city, kennysheep_little_box, enter_bailey_4,
          minmay_between, uniq_harold
D:10:     layout_basic, nicolae_ru_awakened_eye
D:11:     layout_rooms, hellmonk_lair_entry_icy, serial_ice, serial_ice_j,
          serial_ice_m, serial_ice_o, serial_ice_c, serial_ice_g, serial_ice_f,
          guppyfry_shop_earth, uniq_psyche, uniq_lodul
D:12:     layout_roguey, nicolae_trove_entry_crossroad
Temple:   compressed_dpeg_circular_temple
Lair:1:   layout_small_grid
Lair:2:   gammafunk_boulding_lane, layout_small_grid, elwin_shoals_entry_rooms
Lair:3:   kb_forest_paths, layout_chaotic_city, spider_nest_entry_rubble
Orc:1:    layout_caves

Skill      XL: |  1  2  3  4  5  6  7  8  9 10 11 12 13 |
---------------+----------------------------------------+-----
Stealth        | 7 8 9 11 12 | 12.5
Spellcasting   | 1 2 3 4 5 6 7 |  7.2
Long Blades    | 3 4 5 6 7 9 10 | 10.2
Dodging        | 3 4 5 6 7 8 |  8.9
Fighting       | 4 5 6 7 10 11 | 11.8
Short Blades   | 2 3 5 6 |  6.4
Throwing       | 1 2 3 4 |  4.3
Shields        | 2 3 4 |  4.4
Evocations     | 1 |  1.0
Necromancy     | 2 3 |  3.5
Poison Magic   | 2 3 |  3.1
Air Magic      | 1 2 |  2.5
Conjurations   | 1 2 |  2.8
Transmutations | 2 |  2.9
Ice Magic      | 1 |  1.0

Action                     |  1- 3 |  4- 6 |  7- 9 | 10-12 | 13-15 || total
---------------------------+-------+-------+-------+-------+-------++-------
  Melee: Falchion          |    16 |     6 |       |       |       ||    22
         Tentacles         |     4 |    21 |    22 |   139 |    13 ||   199
         Constrict         |     3 |    21 |    24 |    89 |     9 ||   146
         Punch             |     1 |     1 |     3 |     7 |       ||    12
         Scimitar          |       |    49 |     2 |   364 |       ||   415
         Dagger            |       |    30 |       |    31 |       ||    61
         Rapier            |       |    15 |   111 |   235 |    77 ||   438
  Throw: Dart              |       |       |    26 |    94 |       ||   120
         Boomerang         |       |       |       |     6 |       ||     6
   Cast: Poisonous Vapours |       |       |       |     7 |     3 ||    10
         Vampiric Draining |       |       |       |     5 |    10 ||    15
         Mephitic Cloud    |       |       |       |     1 |     7 ||     8
         Wereblood         |       |       |       |     1 |     4 ||     5
 Invoke: Call Merchant     |       |       |       |       |     1 ||     1
  Evoke: Wand              |       |       |     8 |     4 |       ||    12
    Use: Scroll            |       |     2 |     9 |    13 |     7 ||    31
         Potion            |       |       |     4 |    11 |     1 ||    16
   Stab: Sleeping          |     1 |    22 |    16 |    32 |     8 ||    79
         Distracted        |       |     1 |     1 |     6 |     1 ||     9
         Confused          |       |       |       |       |     5 ||     5
 Armour: Skin              |     1 |     3 |    12 |   120 |     4 ||   140
  Dodge: Dodged            |    11 |    53 |    80 |   377 |    32 ||   553
  Block: Buckler           |       |       |       |   141 |    14 ||   155

Table legend: (Time is in decaauts)
 A = Elapsed time spent in this place.
 B = Non-inter-level travel time spent in this place.
 C = Inter-level travel time spent in this place.
 D = Time resting spent in this place.
 E = Time spent auto-exploring this place.
 F = Levels seen in this place.
 G = Mean time per level.
                   A        B        C        D        E       F      G
               +--------+--------+--------+--------+--------+-----+--------+
         Total |  22753 |  21264 |   1489 |   7124 |   4649 |  18 | 1264.1 |
       Dungeon |  19047 |  17769 |   1278 |   6516 |   3664 |  12 | 1587.2 |
        Temple |     34 |     17 |     17 |      0 |      0 |   1 |   34.0 |
          Lair |   2958 |   2776 |    182 |    458 |    985 |   3 |  986.0 |
  Orcish Mines |    172 |    161 |     11 |      0 |      0 |   1 |  172.0 |
        Bailey |    540 |    540 |      0 |    149 |      0 |   1 |  540.0 |
               +--------+--------+--------+--------+--------+-----+--------+

Top non-repeatable levels by time:
    D:10: 3922 daAuts
     D:7: 2396 daAuts
     D:6: 2165 daAuts
     D:9: 1900 daAuts
    D:11: 1598 daAuts
     D:4: 1314 daAuts
     D:8: 1285 daAuts
     D:5: 1282 daAuts
  Lair:2: 1141 daAuts
  Lair:1: 1133 daAuts
     D:3: 1018 daAuts
     D:2: 844 daAuts
    D:12: 807 daAuts
  Lair:3: 683 daAuts
  Bailey: 540 daAuts
